 Dungeon Crawl Stone Soup version 0.21.0-3-g78d12a8 (webtiles) character file.

7 mopl the Insei (level 2, 16/21 HPs)
             Began as a Barachi Transmuter on Jan 9, 2018.
             Quit the game on level 1 of the Dungeon.
             The game lasted 00:00:52 (207 turns).

mopl the Insei (Barachi Transmuter)                  Turns: 207, Time: 00:00:53

Health: 16/21      AC:  3    Str:  9    XL:     2   Next: 0%
Magic:  5/5        EV: 12    Int: 13    God:
Gold:   27         SH:  0    Dex: 12    Spells: 4/5 levels left

rFire    . . .     SeeInvis .   j - -1 whip (curse)
rCold    . . .     Gourm    .   (no shield)
rNeg     . . .     Faith    .   b - +1 robe
rPois    .         Spirit   .   (no helmet)
rElec    .         Reflect  .   (no cloak)
rCorr    .         Harm     .   (no gloves)
MR       .....                  (no boots)
Stlth    +.........             (no amulet)
HPRegen  0.07/turn              (no ring)
MPRegen  0.09/turn              (no ring)

@: slow
A: +LOS, swims, talons 2, slowness 1, weak 1, subdued magic 1, strong legs 1
a: Hop


You were on level 1 of the Dungeon.
You were not hungry.

You visited 1 branch of the dungeon, and saw 1 of its levels.

You collected 27 gold pieces.

Inventory:

Hand Weapons
 j - a cursed -1 whip (weapon)
Missiles
 a - 12 arrows
 f - 2 tomahawks (quivered)
Armour
 b - a +1 robe (worn)
Books
 c - a book of Changes

   Spells                             Type                      Level
   a - Beastly Appendage              Transmutation                1
   b - Sticks to Snakes               Transmutation                2
   c - Spider Form                    Transmutation/Poison         3
   d - Ice Form                       Ice/Transmutation            4
   e - Blade Hands                    Transmutation                5
Comestibles
 d - a ration
 h - 3 chunks of flesh


   Skills:
 - Level 1.2 Fighting
 - Level 2.1 Dodging
 * Level 3.7 Unarmed Combat
 - Level 2.1 Spellcasting
 + Level 2.4 Transmutations


You had 4 spell levels left.
You knew the following spells:

 Your Spells              Type           Power        Failure   Level  Hunger
a - Beastly Appendage     Tmut           #.....       8%          1    ##.....


Dungeon Overview and Level Annotations

Branches:
Dungeon (1/15)

Altars:


Innate Abilities, Weirdness & Mutations

Shadows flee at your approach. (+LOS)
You can swim through water.
You cover ground slowly.
You can hop short distances.
You have razor-sharp toenails.
You are weak. (Str -2)
Your spells are a little easier to cast, but a little less powerful.


Message History

Your talons disappear.
As you read the scroll labeled QIZUSEM HOPYATT, it crumbles to dust.
You feel aware of your surroundings.
It was a scroll of magic mapping.
As you read the scroll labeled JEYPRI DIAV, it crumbles to dust.
It is a scroll of enchant armour.
Your +0 robe glows green for a moment.
As you read the scroll labeled ITORPH LUIWKO, it crumbles to dust.
It is a scroll of identify.
e - a potion of mutation A rat comes into view.
A rat is nearby!
Really quaff
e - a potion of mutation {!q}?
You feel extremely strange.
Your connection to magic feels subdued.
Your toenails lengthen and sharpen.
You feel weaker.
Your toenails lengthen and sharpen.
The rat barely misses you.
You hit the rat.
You kill the rat!
You have reached level 2!
Are you sure you want to abandon this character and quit the game? (Confirm with "yes".)

###..#######..#,******,**
##.)....(..##..#,,,,,,,*,* **
##.#.#.####.##..#*******,** *,
..###..# #.##..# *,* *,
##.#.#.# #.##..# ***,*******,
##..#.####.##..# *,,,,,,,,,,,
##.#..........# *,*******,,,
#.######.##.#######.##*****,**
#.# #.##..@........,,,,,,* #.#
#.#######....##*****,** #.#
#.# *,*### *,,, #.# #.# *,*
**** #.######.## *,*
#...>.....# *,* ########..#
*,* #..######.# ####
#.........#


There were no monsters in sight!

Vanquished Creatures
  A bat (D:1)
  A giant cockroach (D:1)
  2 goblins (D:1)
  2 rats (D:1)
6 creatures vanquished.

Notes
Turn   | Place    | Note
-------+----------+-------------------------------------------
     0 | D:1      | mopl the Barachi Transmuter began the quest for the Orb.
     0 | D:1      | Reached XP level 1. HP: 15/15 MP: 3/3
   203 | D:1      | Gained mutation: Your spells are a little easier to cast, but a little less powerful. [potion of mutation]
   203 | D:1      | Gained mutation: You have sharp toenails. [potion of mutation]
   203 | D:1      | Gained mutation: You are weak. (Str -2) [potion of mutation]
   203 | D:1      | Gained mutation: You have razor-sharp toenails. [potion of mutation]
   206 | D:1      | Reached XP level 2. HP: 16/21 MP: 5/5
   207 | D:1      | Quit the game

Action                   || total
-------------------------++-------
Melee: Whip              ||    15
       Unarmed           ||    12
       Kick              ||     1
 Cast: Beastly Appendage ||     4
  Use: Scroll            ||     3
       Potion            ||     1
Armor: Robe              ||    12
Dodge: Dodged            ||    31
